 Seeded DCSS version 0.32-a0-999-gfa1cc04b1d (webtiles) character file.

Game seed: 202404252 (custom seed)

554609 Orlauf the Rapturous (level 24, -30/194 (206) HPs)
             Began as a Demonspawn Gladiator on Apr 25, 2024.
             Was an Elder of Uskayaw.
             Killed from afar by a yellow draconian annihilator (51 damage)
             ... with an iron shot
             ... on level 4 of the Depths.
             The game lasted 02:07:06 (49246 turns).

Orlauf the Rapturous (Demonspawn Gladiator)        Turns: 49246, Time: 02:07:07

HP:   -30/194 (206) AC: 32    Str: 18    XL:     24   Next: 57%
MP:   38/38         EV:  4    Int: 11    God:    Uskayaw [****..]
Gold: 7521          SH: 25    Dex: 21    Spells: 23/23 levels left

rFire   + + .        a - +3 quick blade (vamp)
rCold   + . .        J - +2 tower shield {reflect}
rNeg    . . .        x - +0 gold dragon scales
rPois   +            i - +2 helmet {SInv}
rElec   +            n - +0 cloak of a wizard's laboratory {rElec rPois}
rCorr   +            (gloves unavailable)
SInv    +            P - +1 pair of boots {rampage}
Will    +....        g - amulet of the Wereyak {Faith -Cast rElec rF+ Regen+} Stlth
                     z - ring of resist corrosion
HPRegen 1.32/turn    Y - +4 ring of slaying
MPRegen 0.26/turn

%: no spellcasting, reflection, rampage, faith
@: lethally poisoned (-30 -> -30), slowed, studying 2 skills, drained, very slow
A: powered by death 3, sharp scales 3, demonic magic 3, corrupting presence 2,
demonic touch 3, hooves 1
}: 4/15 runes: decaying, serpentine, silver, abyssal
a: Renounce Religion, Stomp, Line Pass


You were on level 4 of the Depths.
You worshipped Uskayaw.
Uskayaw was greatly pleased with you.
You visited 9 branches of the dungeon, and saw 43 of its levels.
You visited the Abyss 1 time.
You also visited: Trove, Bailey, Ice Cave and Wizlab.

You collected 8698 gold pieces.
You spent 1177 gold pieces at shops.

Inventory:

Hand Weapons
 a - a +3 vampiric quick blade (weapon)
 b - the +10 short sword "Ycsaden" {flame, rElec rF+ Int+3 Dex+3}
   (You found it on level 1 of the Depths)

   Int+3:     It affects your intelligence (+3).
   Dex+3:     It affects your dexterity (+3).
   rF+:       It protects you from fire.
   rElec:     It insulates you from electricity.
Missiles
 d - 4 throwing nets
 y - 14 curare-tipped darts
Armour
 i - a +2 helmet of see invisible (worn)
 k - the +2 pair of slick slippers {slick, slippery, EV+4}
   (You found it on level 3 of the Snake Pit)

   Slick:     Its wearer cannot be constricted, engulfed, netted, webbed, or
   stopped by binding sigils.
   Slippery:  Its wearer slips away from damaging melee attacks, pulling the
   attacker onward.
   EV+4:      It affects your evasion (+4).
 n - the +0 cloak of a wizard's laboratory (worn) {rElec rPois}
   (You found it in a wizard's laboratory)

   rElec:     It insulates you from electricity.
   rPois:     It protects you from poison.
 x - +0 gold dragon scales (worn)
 J - a +2 tower shield of reflection (worn)
 P - a +1 pair of boots of rampaging (worn)
Jewellery
 g - the amulet of the Wereyak (around neck) {Faith -Cast rElec rF+ Regen+}
   (You found it on level 2 of the Lair of Beasts)

   [amulet of faith]

   Faith:     It allows you to gain divine favour quickly.
   rF+:       It protects you from fire.
   rElec:     It insulates you from electricity.
   -Cast:     It prevents spellcasting.
   Regen+:    It increases your rate of health regeneration.
 l - a ring of flight
 r - the ring "Wys Zea" {rF+ Will+ Int+2 Slay+2}
   (You found it on level 5 of the Vaults)

   [ring of protection from fire]

   Int+2:     It affects your intelligence (+2).
   Slay+2:    It affects your accuracy & damage with ranged weapons and melee
   (+2).
   rF+:       It protects you from fire.
   Will+:     It increases your willpower.
 z - a ring of resist corrosion (left hand)
 Y - a +4 ring of slaying (right hand)
Wands
 m - a wand of flame (147)
 B - a wand of acid (9) (quivered)
 E - a wand of roots (35)
 G - a wand of charming (34)
 M - a wand of mindburst (41)
 Z - a wand of digging (14)
Scrolls
 c - 8 scrolls of brand weapon
 p - 4 scrolls of revelation
 s - 6 scrolls of enchant armour
 w - 4 scrolls of summoning
 A - 12 scrolls of fog
 K - 13 scrolls of fear
 O - 5 scrolls of silence
 R - 26 scrolls of teleportation
 U - 8 scrolls of enchant weapon
 W - 2 scrolls of blinking
Potions
 e - 2 potions of ambrosia
 f - a potion of curing
 o - 12 potions of mutation
 t - 4 potions of magic
 u - 7 potions of might
 v - 4 potions of enlightenment
 L - 5 potions of invisibility
 T - 3 potions of haste
 X - 7 potions of resistance
Miscellaneous
 H - a lightning rod (4/4)
 I - a Gell's gravitambourine (2/2)
 V - a tin of tremorstones (1/2)


   Skills:
 + Level 20.7 Fighting
 - Level 14.0 Short Blades
 - Level 3.1 Axes
 - Level 1.7 Throwing
 + Level 16.8 Armour
 - Level 2.6 Dodging
 - Level 9.0 Stealth
 + Level 21.1 Shields
 + Level 23.2 Invocations
 * Level 14.8 Evocations


You had 23 spell levels left.
You didn't know any spells.
Your spell library contained the following spells:

 Spells                   Type           Power      Damage    Failure   Level
 Foxfire                  Conj/Fire      0%         2x1d4     100%        1
 Freeze                   Ice            0%         1d3       100%        1
 Kiss of Death            Conj/Necr      0%         2d5       100%        1
 Magic Dart               Conj           0%         1d3       100%        1
 Shock                    Conj/Air       0%         1d3       100%        1
 Slow                     Hex            0%         N/A       100%        1
 Summon Small Mammal      Summ           0%         N/A       100%        1
 Blink                    Tloc           0%         N/A       100%        2
 Call Imp                 Summ           0%         N/A       100%        2
 Cigotuvi's Dreadful Rot  Necr/Alch/Air  0%         N/A       100%        2
 Ensorcelled Hibernation  Hex/Ice        0%         N/A       100%        2
 Lesser Beckoning         Tloc           0%         N/A       100%        2
 Mercury Vapours          Alch/Air       0%         N/A       100%        2
 Momentum Strike          Conj/Tloc      0%         3d8       100%        2
 Scorch                   Fire           0%         2d5       100%        2
 Searing Ray              Conj           0%         2d4       100%        2
 Static Discharge         Conj/Air       0%         3-3/arc   100%        2
 Call Canine Familiar     Summ           0%         N/A       100%        3
 Confusing Touch          Hex            0%         N/A       100%        3
 Frozen Ramparts          Ice            0%         1d1       100%        3
 Fugue of the Fallen      Necr           0%         N/A       100%        3
 Hailstorm                Conj/Ice       0%         3d5       100%        3
 Maxwell's Portable Pile  Tloc           0%         2d(5-13)  100%        3
 Ozocubu's Armour         Ice            0%         N/A       100%        3
 Stone Arrow              Conj/Erth      0%         3d7       100%        3
 Summon Ice Beast         Ice/Summ       0%         N/A       100%        3
 Swiftness                Air            0%         N/A       100%        3
 Teleport Other           Tloc           0%         N/A       100%        3
 Vampiric Draining        Necr           0%         2d6       100%        3
 Volatile Blastmotes      Fire/Tloc      0%         2d10      100%        3
 Airstrike                Air            0%         2d(0-16)  100%        4
 Anguish                  Hex/Necr       0%         N/A       100%        4
 Animate Armour           Summ/Erth      0%         N/A       100%        4
 Animate Dead             Necr           0%         N/A       100%        4
 Cause Fear               Hex            0%         N/A       100%        4
 Dispel Undead            Necr           0%         3d6       100%        4
 Flame Wave               Conj/Fire      0%         2d4       100%        4
 Fulminant Prism          Conj/Alch      0%         3d5       100%        4
 Leda's Liquefaction      Alch/Erth      0%         N/A       100%        4
 Summon Blazeheart Golem  Fire/Summ      0%         N/A       100%        4
 Vhi's Electric Charge    Tloc/Air       0%         N/A       100%        4
 Alistair's Intoxication  Alch           0%         N/A       100%        5
 Fireball                 Conj/Fire      0%         3d3       100%        5
 Freezing Cloud           Conj/Ice/Air   0%         6-21      100%        5
 Irradiate                Conj/Alch      0%         3d11      100%        5
 Lee's Rapid Deconstruct  Erth           0%         3d4*      100%        5
 Metabolic Englaciation   Hex/Ice        0%         N/A       100%        5
 Silence                  Hex/Air        0%         N/A       100%        5
 Summon Forest            Summ/Tloc      0%         N/A       100%        5
 Yara's Violent Unravell  Hex/Alch       0%         3d3       100%        5
 Conjure Ball Lightning   Conj/Air       0%         3x3d6     100%        6
 Dispersal                Tloc           0%         N/A       100%        6
 Gell's Gavotte           Tloc           0%         2d(11-16) 100%        6
 Permafrost Eruption      Ice/Erth       0%         2x4d1     100%        6
 Plasma Beam              Fire/Air       0%         2x1d10    100%        6
 Sculpt Simulacrum        Ice/Alch       0%         N/A       100%        6
 Starburst                Conj/Fire      0%         6d3       100%        6
 Summon Cactus Giant      Summ           0%         N/A       100%        6
 Haunt                    Necr/Summ      0%         N/A       100%        7
 Magnavolt                Erth/Air       0%         3d9       100%        7
 Ozocubu's Refrigeration  Ice            0%         4d7       100%        7
 Seismic Cannonade        Alch/Erth      0%         6d4       100%        7
 Discord                  Hex            0%         N/A       100%        8
 Disjunction              Tloc           0%         N/A       100%        8
 Infestation              Necr           0%         N/A       100%        8
 Lehudib's Crystal Spear  Conj/Erth      0%         10d2      100%        8
 Maxwell's Capacitive Co  Air            0%         ∞         100%        8
 Chain Lightning          Conj/Air       0%         N/A       100%        9
 Dragon's Call            Summ           0%         N/A       100%        9
 Fire Storm               Conj/Fire      0%         5d1       100%        9
 Polar Vortex             Ice            0%         N/A       100%        9
 Shatter                  Erth           0%         3d5*      100%        9


Dungeon Overview and Level Annotations

Branches:
Dungeon (15/15)            Temple (1/1) D:6            Lair (5/5) D:10
  Swamp (4/4) Lair:2        Snake (4/4) Lair:2        Slime (0/5) Lair:4
    Orc (2/2) D:11            Elf (3/3) Orc:2        Vaults (5/5) D:14
  Crypt (0/3) Vaults:3     Depths (4/4) D:15         Bailey (visited)
  IceCv (visited)          WizLab (visited)
    Zot: Depths:4

Altars:
Ashenzari
Cheibriados
Dithmenos
Fedhas
Gozag
Hepliaklqana
Kikubaaqudgha
Makhleb
Nemelex Xobeh
Okawaru
Qazlal
Ru
Sif Muna
Trog
Uskayaw
Vehumet
Wu Jian
Xom
Yredelemnul
Beogh
Jiyva

Shops:
D:5 *   D:8 !   D:10 *   Orc:1 [   Orc:2 [=:?   Snake:2 =::   Vaults:3 [
Depths:1 [?*

Portals:
Hell: Depths:1 Depths:2 Depths:3
Abyss: Depths:3
Pandemonium: Depths:1 Depths:2 Depths:4
Ziggurat: Depths:4

Annotations:
D:9 2 transporters, hexenhour's ghost, journeyman MiFi
D:10 3 runed translucent doors, qdestroyer's ghost, journeyman MiFi
Depths:2 2 transporters
Depths:4 Sojobo


Innate Abilities, Weirdness & Mutations

You regenerate a lot of health from kills.
You are completely covered in razor-sharp scales. (AC +3, Slay +3)
Spells you cast and wands you use may paralyse nearby enemies.
Your presence sometimes corrodes or deforms those you injure.
Your touch may irresistibly damage your foes and sap their willpower.
You have large cloven feet.


Message History

You destroy the air elemental!
The air elemental disappears in a puff of smoke!
You feel sick.
The helpless air elemental fails to defend itself.
You stick the air elemental like a pincushion!!!!
You destroy the air elemental!
The air elemental disappears in a puff of smoke!
You feel sick.
Sojobo is no longer paralysed.
Uskayaw will force your foes to share their pain.
Uskayaw links your audience in an emotional bond!
The helpless air elemental fails to defend itself.
You stick the air elemental like a pincushion!!!!
Your corrupting presence corrodes the tengu reaver!
You destroy the air elemental!
The air elemental disappears in a puff of smoke!
Your surroundings suddenly seem different.
A golden dragon and 2 yellow draconian annihilators come into view.
You feel sick.
The yellow draconian annihilator roars!
The golden dragon roars deafeningly!
The yellow draconian annihilator roars!
The yellow draconian annihilator spits acid at you.
The splash of acid hits you but does no damage.
The yellow draconian annihilator points at you and mumbles some strange words.
Your +2 tower shield of reflection blocks the poison arrow... and reflects it back!
The poison arrow misses the yellow draconian annihilator.
You hit the yellow draconian annihilator.
You feel better.
You hit the yellow draconian annihilator.
The yellow draconian annihilator twists and deforms.
You feel better.
The yellow draconian annihilator is lightly wounded.
You feel sick.
The yellow draconian annihilator casts a spell at you.
Your +2 tower shield of reflection blocks the poison arrow... and reflects it back!
The poison arrow hits the yellow draconian annihilator!!
The yellow draconian annihilator looks as sick as possible!
The yellow draconian annihilator points at you and mumbles some strange words.
The iron shot hits you!!!
You die...
Your body falls in perfect tune with the rhythm.

###+###
#.@...#
#..qD.#
+.....#
#..q..#
#.....#
#######
....
....


You could see a golden dragon and 2 draconians.

Vanquished Creatures
  Frederick (Depths:3)
  2 ancient liches (Vaults:5)
  Mara (Depths:1)
  2 juggernauts
  Boris (Vaults:4)
  Saint Roka (Depths:1)
  7 golden dragons
  4 caustic shrikes
  Norris (Depths:3)
  4 tentacled monstrosities
  An Ice Fiend (Depths:2)
  Rupert (D:14)
  Jorgrun (Elf:2)
  A quicksilver dragon (Depths:4)
  6 liches
  Mlioglotl (Swamp:1)
  5 titans
  3 deep elf blademasters
  2 deep elf master archers (Elf:3)
  4 sphinxes
  2 ancient champions
  An eldritch tentacle (WizLab)
  4 tentacled starspawn
  The ghost of Hajeh the Gelid, an adept FeEE of Jiyva (Elf:2)
  7 shadow dragons (Vaults:5)
  5 tengu reavers
  2 thorn hunters
  Kirke (Snake:1)
  Aizul (Snake:2)
  4 storm dragons
  6 nagarajas
  6 fire giants
  A revenant (Abyss:3)
  An iron dragon (Depths:2)
  5 deep elf sorcerers
  10 frost giants
  An angel (Abyss:3)
  The ghost of Zivvaly the Severer, a journeyman CoGl of Wu Jian (Lair:4)
  A balrug (Depths:2)
  A draconian shifter (WizLab)
  20 vault wardens
  A ghost moth (WizLab)
  23 ironbound preservers
  2 reapers (WizLab)
  2 ghouls (Swamp:4)
  A broodmother (WizLab)
  5 orc warlords
  2 ophanim (Abyss:3)
  4 formless jellyfish
  21 stone giants
  A spriggan defender (Depths:3)
  9 very ugly things
  4 ironbound thunderhulks
  Nessos (Lair:4)
  2 vampire knights (Depths:3)
  8 deep elf demonologists
  7 eleionomae
  10 deep elf annihilators
  7 deep elf death magi
  14 dire elephants
  A spark wasp (Vaults:1)
  4 war gargoyles
  4 bunyips
  11 ettins
  3 deep elf high priests
  8 great orbs of eyes
  7 entropy weavers
  12 fire dragons
  14 yaktaur captains
  6 ice dragons
  A caustic shrike simulacrum (Depths:2)
  7 salamander tyrants
  28 vault guards
  Erolcha (D:13)
  3 catoblepae (Lair:5)
  7 ogre magi
  3 shambling mangroves (Swamp:4)
  12 ironbound frosthearts
  5 rakshasas
  A peacekeeper (Vaults:2)
  8 anacondas
  9 hydras
  5 spriggan air magi
  The ghost of Puxitopt the Thaumaturge, a journeyman DjCj of Makhleb (Lair:2)
  A death knight (D:14)
  3 ghost crabs
  A deep troll shaman (Depths:3)
  29 dancing weapons
  17 centaur warriors
  12 alligators
  3 deep troll earth magi
  7 two-headed ogres
  11 death yaks
  3 radroaches (Vaults:1)
  6 boulder beetles
  A tengu warrior (Depths:3)
  2 hell hogs (Depths:1)
  An occultist (Vaults:1)
  2 vampire magi
  3 spriggan berserkers
  2 thrashing horrors (Abyss:3)
  12 deep elf knights
  11 shock serpents
  7 orc high priests
  A shock serpent (shapeshifter) (Vaults:5)
  A titan zombie (Vaults:4)
  11 naga sharpshooters
  5 skysharks
  4 sun demons
  Nergalle (Orc:2)
  14 hell knights
  12 naga warriors
  7 soul eaters
  A wretched star (Abyss:3)
  2 goliath frogs (Swamp:2)
  3 death drakes
  16 skeletal warriors
  2 cherubim (Abyss:3)
  2 sea snakes (Vaults:1)
  6 deep elf archers
  A salamander mystic (Snake:4)
  3 flayed ghosts
  A quicksilver dragon simulacrum (Depths:2)
  6 naga ritualists
  6 spriggan druids
  6 arcanists
  A mana viper (shapeshifter) (Vaults:5)
  2 shadow demons
  2 obsidian statues (WizLab)
  6 glowing orange brains
  51 deep trolls
  7 mana vipers
  2 spectral hydras (Swamp:4)
  4 swamp dragons
  5 harpies
  A harpy (shapeshifter) (Elf:2)
  6 bog bodies
  6 lindwurms
  7 thermic dynamos
  15 ironbound convokers
  An anaconda skeleton (WizLab)
  8 necromancers
  2 obsidian bats (Orc:2)
  2 phantasmal warriors (Vaults:5)
  29 orc knights
  A tengu skeleton (Vaults:3)
  15 deep elf pyromancers
  A sphinx simulacrum (Depths:2)
  4 lightning spires (Vaults:1)
  22 deep elf zephyrmancers
  19 ugly things
  A stone giant zombie (Vaults:3)
  2 cyclopes
  7 manticores
  12 orc sorcerers
  A shining eye (shapeshifter) (Vaults:5)
  3 oklob plants (Swamp:4)
  13 salamanders
  5 will-o-the-wisps
  An apocalypse crab (WizLab)
  A meliai (shapeshifter) (WizLab)
  A stone giant skeleton (Vaults:3)
  42 slime creatures
  6 elephants (Lair:4)
  31 black mambas
  4 kobold blastminers
  An ice statue (IceCv)
  5 guardian serpents
  17 naga magi
  11 cane toads
  An orange demon (Abyss:3)
  3 smoke demons
  An unseen horror (D:12)
  A yaktaur zombie (Vaults:1)
  An unseen horror (shapeshifter) (WizLab)
  26 vault sentinels
  A rime drake (Lair:4)
  A hellion (Depths:1)
  5 freezing wraiths
  An efreet (WizLab)
  2 human zombies
  37 yaktaurs
  6 human skeletons (Vaults:3)
  2 kobold demonologists
  An ancient zyme (Abyss:3)
  A tengu conjurer (Depths:2)
  8 komodo dragons
  A polar bear (shapeshifter) (WizLab)
  2 hydra zombies (Swamp:4)
  4 trolls
  11 hornets
  4 jumping spiders (WizLab)
  2 hellwings (WizLab)
  9 polar bears
  6 tyrant leeches
  2 tarantellas (Vaults:1)
  A glass eye (shapeshifter) (D:10)
  11 blink frogs
  Prince Ribbit (D:5)
  A human simulacrum (Vaults:4)
  An iron dragon simulacrum (Depths:2)
  7 raiju
  A glass eye (Depths:3)
  A stone giant simulacrum (Vaults:4)
  A centaur simulacrum (D:15)
  3 deep troll skeletons (Vaults:3)
  8 air elementals
  3 vampires
  83 yaks
  22 spriggans
  16 humans (D:14)
  A wyvern (Lair:2)
  3 wraiths
  2 culicivoras
  2 shadows
  2 small abominations
  A spriggan (shapeshifter) (Elf:3)
  4 water elementals
  An elf skeleton (Vaults:3)
  8 basilisks
  2 fire elementals
  3 hogs (Snake:1)
  4 wargs
  2 fire bats (Abyss:3)
  4 steam dragons
  Menkaure (D:5)
  20 vampire mosquitoes
  4 redbacks
  14 swamp worms
  58 nagas
  3 hydra simulacra (Swamp:4)
  9 water moccasins
  Duvessa (D:4)
  A glowing shapeshifter skeleton (Vaults:1)
  9 swamp drakes
  3 sky beasts (D:7)
  38 orc warriors
  5 black bears
  2 swamp dragon zombies (Swamp:4)
  6 laughing skulls (Abyss:2)
  20 ogres
  36 wolves
  9 centaurs
  3 boggarts
  3 swamp dragon skeletons (Swamp:4)
  6 kobold brigands
  15 bullfrogs
  3 gnoll sergeants
  2 earth elementals
  6 scorpions
  A glowing shapeshifter simulacrum (Vaults:4)
  9 wights
  18 killer bees
  A howler monkey (D:6)
  2 jellies
  Crazy Yiuf (D:2)
  2 bombardier beetles
  18 orc priests
  A gnoll bouda (D:7)
  2 hounds
  A sleepcap (D:5)
  5 hell rats (Lair:2)
  An iguana (D:6)
  Natasha (thrice) (D:4)
  34 orc wizards
  Robin (D:2)
  18 gnolls
  5 adders
  5 swamp drake skeletons (Swamp:4)
  2 shadow imps
  2 white imps
  2 ufetubi (D:6)
  3 dart slugs
  76 orcs
  4 endoplasms
  5 giant cockroaches
  30 goblins
  8 hobgoblins
  6 jackals
  5 quokkas
  7 ball pythons
  2 frilled lizards
  22 kobolds
  7 rats
  6 starspawn tentacles
1973 creatures vanquished.

Vanquished Creatures (others)
  An eldritch tentacle (WizLab)
  A frost giant (Depths:3)
  2 deep elf zephyrmancers
  2 deep elf pyromancers (Elf:2)
  2 bloated husks (Swamp:2)
  A fire bat (Abyss:3)
  A swamp worm (Swamp:2)
  A naga (Snake:4)
  A small abomination (Abyss:3)
  A human zombie (Vaults:1)
  An orc (Elf:2)
  13 foxfires
  3 starspawn tentacles
30 creatures vanquished.

Grand Total: 2003 creatures vanquished

Notes
Turn   | Place    | Note
-------+----------+-------------------------------------------
     0 | D:1      | Orlauf the Demonspawn Gladiator began the quest for the
                  | Orb.
     0 | D:1      | Reached XP level 1. HP: 16/16 MP: 1/1
   336 | D:1      | Gained mutation: Your touch may inflict minor irresistible
                  | damage on your foes. [demonic ancestry]
   336 | D:1      | Reached XP level 2. HP: 22/22 MP: 2/2
   336 | D:1      | Identified a scroll of acquirement
   336 | D:1      | Acquired a +2 vampiric quick blade
   681 | D:2      | Reached skill level 1 in Short Blades
   681 | D:2      | Noticed Robin
   689 | D:2      | Gained mutation: Your touch may inflict irresistible damage
                  | on your foes. [demonic ancestry]
   689 | D:2      | Reached XP level 3. HP: 24/28 MP: 3/3
   701 | D:2      | Killed Robin
   773 | D:2      | Reached XP level 4. HP: 34/34 MP: 4/4
   872 | D:2      | Found a runed translucent door.
   873 | D:2      | Noticed Crazy Yiuf
  1108 | D:2      | Killed Crazy Yiuf
  1431 | D:3      | Gained mutation: Spells you cast may paralyse adjacent
                  | enemies. [demonic ancestry]
  1431 | D:3      | Reached XP level 5. HP: 38/41 MP: 5/5
  1987 | D:4      | Noticed an ogre
  1994 | D:4      | Killed an ogre
  1995 | D:4      | Reached skill level 1 in Stealth
  2040 | D:4      | Gained mutation: You regenerate a little health from kills.
                  | [demonic ancestry]
  2040 | D:4      | Reached XP level 6. HP: 45/48 MP: 6/6
  2089 | D:4      | Noticed Dowan
  2089 | D:4      | Noticed Duvessa
  2099 | D:4      | Killed Duvessa
  2109 | D:4      | Dowan changed into Dowan the killer bee
  2109 | D:4      | Noticed Dowan
  2118 | D:4      | Killed Dowan the killer bee
  2430 | D:4      | Gained mutation: Your touch may irresistibly damage your
                  | foes and sap their willpower. [demonic ancestry]
  2430 | D:4      | Reached XP level 7. HP: 55/55 MP: 7/7
  2514 | D:4      | Noticed Natasha
  2522 | D:4      | Killed Natasha
  2590 | D:4      | Reached skill level 5 in Short Blades
  2864 | D:4      | Noticed Natasha
  2868 | D:4      | Killed Natasha
  3052 | D:4      | Noticed Natasha
  3058 | D:4      | Killed Natasha
  3071 | D:5      | Entered Level 5 of the Dungeon
  3071 | D:5      | Noticed Prince Ribbit
  3080 | D:5      | Killed Prince Ribbit
  3081 | D:5      | Reached skill level 5 in Fighting
  3120 | D:5      | Gained mutation: You are partially covered in razor-sharp
                  | scales. (AC +1, Slay +1) [demonic ancestry]
  3120 | D:5      | Reached XP level 8. HP: 58/62 MP: 8/8
  3369 | D:5      | Found Peqoga's CLEARANCE SALE!.
  3375 | D:5      | Bought a potion of magic for 40 gold pieces
  3375 | D:5      | Bought a potion of might for 20 gold pieces
  3433 | D:5      | Noticed Menkaure
  3439 | D:5      | Killed Menkaure
  4322 | D:6      | Found a staircase to the Ecumenical Temple.
  4329 | Temple   | Entered the Ecumenical Temple
  4457 | D:6      | Reached skill level 5 in Stealth
  4461 | D:6      | Reached XP level 9. HP: 51/70 MP: 9/9
  4755 | D:7      | Found a flagged portal.
  4881 | Bailey   | Entered a bailey
  4965 | Bailey   | Noticed a two-headed ogre
  4972 | Bailey   | Killed a two-headed ogre
  4973 | Bailey   | Gained mutation: Spells you cast may paralyse nearby
                  | enemies. [demonic ancestry]
  4973 | Bailey   | Reached XP level 10. HP: 59/80 MP: 10/10
  5107 | Bailey   | Identified the +7 quarterstaff of the Shifting Seeker
                  | {heavy, rN+}
  5296 | D:7      | Reached skill level 10 in Short Blades
  5765 | D:8      | Found Ucsosh's Distillery.
  5771 | D:8      | Bought a potion of curing for 33 gold pieces
  6480 | D:9      | Found a transporter.
  6480 | D:9      | Found a transporter.
  6526 | D:9      | Noticed hexenhour's ghost (journeyman MiFi)
  6528 | D:9      | Noticed a two-headed ogre
  6644 | D:9      | Noticed a catoblepas
  6682 | D:9      | Found a radiant altar of Vehumet.
  6688 | D:9      | Found a hide-covered altar of Uskayaw.
  6692 | D:9      | Became a worshipper of Uskayaw the Reveller
  6696 | D:9      | Found a burning altar of Makhleb.
  6698 | D:9      | Reached * piety under Uskayaw
  6702 | D:9      | Reached ** piety under Uskayaw
  6844 | D:9      | Reached skill level 1 in Invocations
  6911 | D:9      | Reached *** piety under Uskayaw
  6915 | D:9      | Reached **** piety under Uskayaw
  6923 | D:9      | Reached ***** piety under Uskayaw
  6951 | D:9      | Reached skill level 2 in Invocations
  7186 | D:10     | Entered Level 10 of the Dungeon
  7310 | D:10     | Found a runed translucent gate.
  7311 | D:10     | Found a runed translucent gate.
  7311 | D:10     | Found a runed translucent gate.
  7311 | D:10     | Noticed a purple ugly thing
  7386 | D:10     | Reached XP level 11. HP: 87/87 MP: 12/12
  7393 | D:10     | Found a staircase to the Lair.
  7563 | D:10     | Found Idias's General Store.
  7575 | D:10     | Reached skill level 3 in Invocations
  7730 | D:10     | Noticed a two-headed ogre
  7737 | D:10     | Killed a two-headed ogre
  8264 | D:10     | Noticed a red ugly thing
  8264 | D:10     | Noticed a glowing orange brain
  8264 | D:10     | Noticed a swamp dragon
  8264 | D:10     | Noticed a white ugly thing
  8266 | D:10     | a swamp dragon changed into a two-headed ogre
  8266 | D:10     | Noticed a two-headed ogre (glowing shapeshifter)
  8266 | D:10     | Noticed a green ugly thing
  8341 | D:10     | a torpor snail changed into a swamp dragon
  8341 | D:10     | Noticed a swamp dragon (glowing shapeshifter)
  8344 | D:10     | a swamp dragon changed into a shining eye
  8344 | D:10     | Noticed a shining eye (glowing shapeshifter)
  8345 | D:10     | a shining eye changed into a merfolk
  8349 | D:10     | a water nymph changed into a steelbarb worm
  8349 | D:10     | Noticed a steelbarb worm (glowing shapeshifter)
  8403 | D:11     | Noticed a boulder beetle
  8418 | D:11     | Killed a boulder beetle
  8419 | D:11     | Reached skill level 4 in Invocations
  8722 | D:11     | Found a staircase to the Orcish Mines.
  8744 | D:11     | Found a roughly hewn altar of Beogh.
  8784 | D:11     | Reached skill level 5 in Invocations
  8826 | D:11     | Noticed a skeletal warrior
  8828 | D:11     | Noticed a skeletal warrior
  8828 | D:11     | Noticed a skeletal warrior
  8830 | D:11     | Noticed a skeletal warrior
  8830 | D:11     | Noticed a skeletal warrior
  8924 | Lair:1   | Entered Level 1 of the Lair of Beasts
  9108 | Lair:1   | Reached skill level 6 in Invocations
  9189 | Lair:1   | Reached skill level 1 in Armour
  9339 | D:10     | Bought a +2 tower shield of reflection for 296 gold pieces
  9725 | Lair:1   | Reached skill level 1 in Shields
  9726 | Lair:1   | Gained mutation: You regenerate health from kills. [demonic
                  | ancestry]
  9726 | Lair:1   | Reached XP level 12. HP: 97/97 MP: 16/16
  9859 | Lair:1   | Reached skill level 10 in Fighting
 10091 | Lair:2   | Found a transporter.
 10092 | Lair:2   | Noticed Puxitopt's ghost (journeyman DjCj)
 10108 | Lair:2   | Found a staircase to the Snake Pit.
 10370 | Lair:2   | Reached skill level 7 in Invocations
 10375 | Lair:2   | Reached ****** piety under Uskayaw
 10482 | Lair:2   | Found a transporter.
 10832 | Lair:2   | Found a staircase to the Swamp.
 11470 | Lair:3   | Reached skill level 8 in Invocations
 11570 | Lair:3   | Reached skill level 5 in Shields
 11735 | Lair:3   | Found a transporter.
 11737 | Lair:3   | Found a transporter.
 11737 | Lair:3   | Noticed a boulder beetle
 11737 | Lair:3   | Noticed a boulder beetle
 12484 | Lair:3   | Killed a boulder beetle
 12485 | Lair:3   | Killed a boulder beetle
 12486 | Lair:3   | Gained mutation: Spells you cast and wands you use may
                  | paralyse nearby enemies. [demonic ancestry]
 12486 | Lair:3   | Reached XP level 13. HP: 105/105 MP: 19/19
 12924 | Lair:4   | Reached skill level 9 in Invocations
 13099 | Lair:4   | Found a staircase to the Slime Pits.
 13099 | Lair:4   | Found a viscous altar of Jiyva.
 13179 | Lair:4   | Noticed Nessos
 13183 | Lair:4   | Killed Nessos
 13408 | Lair:4   | Found a runed translucent door.
 13411 | Lair:4   | Noticed Zivvaly's ghost (journeyman CoGl)
 13413 | Lair:4   | Identified the +2 trident "Leannosauss" {drain, Int+4}
 13854 | Lair:5   | Entered Level 5 of the Lair of Beasts
 13933 | Lair:5   | Reached skill level 5 in Armour
 14418 | Lair:5   | Reached skill level 10 in Invocations
 15705 | Lair:2   | Gained mutation: You are mostly covered in razor-sharp
                  | scales. (AC +2, Slay +2) [demonic ancestry]
 15705 | Lair:2   | Reached XP level 14. HP: 114/114 MP: 21/21
 15718 | Lair:2   | Killed Puxitopt's ghost
 15722 | Lair:2   | Identified the amulet of the Wereyak {Faith -Cast rElec rF+
                  | Regen+}
 15868 | D:10     | Found a runed translucent gate.
 15868 | D:10     | Found a runed translucent gate.
 15874 | D:10     | Found a runed translucent gate.
 15882 | D:10     | Noticed qdestroyer's ghost (journeyman MiFi)
 15883 | D:10     | Noticed a cacodemon
 16374 | D:11     | Gained mutation: You are completely covered in razor-sharp
                  | scales. (AC +3, Slay +3) [demonic ancestry]
 16374 | D:11     | Reached XP level 15. HP: 120/120 MP: 23/23
 16411 | Orc:1    | Entered Level 1 of the Orcish Mines
 16715 | Orc:1    | Found Wulecal's Armour Shop.
 16762 | Orc:2    | Entered Level 2 of the Orcish Mines
 16867 | Orc:2    | Found a staircase to the Elven Halls.
 16879 | Orc:2    | Found a frozen archway.
 16890 | IceCv    | Entered an ice cave
 16988 | IceCv    | Reached skill level 11 in Invocations
 17399 | IceCv    | Reached skill level 10 in Shields
 18355 | Orc:2    | Found Loixt's Antique Armour Boutique.
 18380 | Orc:2    | Found an ancient bone altar of Kikubaaqudgha.
 18381 | Orc:2    | Noticed Nergalle
 18401 | Orc:2    | Paralysed by an orc sorcerer for 4 turns
 18406 | Orc:2    | Killed Nergalle
 18425 | Orc:2    | Found Epteh's Book Shop.
 18443 | Orc:2    | Paralysed by an ogre mage for 4 turns
 18454 | Orc:2    | Found a radiant altar of Vehumet.
 18455 | Orc:2    | Reached skill level 12 in Invocations
 18459 | Orc:2    | Paralysed by an orc sorcerer for 4 turns
 18503 | Orc:2    | Found Laucwaah's Magic Scroll Shop.
 18512 | Orc:2    | Bought 2 scrolls of teleportation for 90 gold pieces
 18512 | Orc:2    | Bought a scroll of teleportation for 45 gold pieces
 18530 | Orc:2    | Bought an ancient helmet for 323 gold pieces
 18530 | Orc:2    | Identified the +4 helmet of Fortification {*Slow Will++
                  | rCorr Str-5} (You bought it in a shop on level 2 of the
                  | Orcish Mines)
 18565 | Orc:2    | Found a roughly hewn altar of Beogh.
 18565 | Orc:2    | Found Bil Hia's Jewellery Shop.
 19554 | D:13     | Noticed Erolcha
 19580 | D:13     | Killed Erolcha
 19706 | D:13     | Gained mutation: Your presence sometimes corrodes those you
                  | injure. [demonic ancestry]
 19706 | D:13     | Reached XP level 16. HP: 111/127 MP: 25/25
 20129 | D:14     | Found a gate to the Vaults.
 20130 | D:14     | Noticed Rupert
 20146 | D:14     | Killed Rupert
 20172 | D:14     | Reached skill level 13 in Invocations
 20260 | D:14     | You fall into a shaft and drop 1 floor!
 20260 | D:15     | Entered Level 15 of the Dungeon
 20621 | D:14     | Found a sparkling altar of Nemelex Xobeh.
 21408 | D:15     | Found a staircase to the Depths.
 21519 | D:15     | Reached skill level 14 in Invocations
 21778 | Snake:1  | Entered Level 1 of the Snake Pit
 22201 | Snake:1  | Noticed Kirke
 22209 | Snake:1  | Killed Kirke
 23013 | Snake:2  | Identified the +7 long sword of Nidy Liczofe {speed, rElec
                  | rN+}
 23162 | Snake:2  | Identified the serpent talisman of Courage {Int+3}
 23162 | Snake:2  | Noticed Aizul
 23172 | Snake:2  | Killed Aizul
 23185 | Snake:2  | Gained mutation: You regenerate a lot of health from kills.
                  | [demonic ancestry]
 23185 | Snake:2  | Reached XP level 17. HP: 123/133 MP: 20/28
 23644 | Snake:2  | Found Vadoahel's Jewellery Emporium.
 23644 | Snake:2  | Found Qayti's Book Boutique.
 23645 | Snake:2  | Found Riewn's Book Boutique.
 24108 | Snake:2  | Reached skill level 15 in Invocations
 24337 | Snake:3  | Reached skill level 10 in Armour
 24395 | Snake:3  | Identified the +6 rapier of Cheibriados's Pride {venom,
                  | rElec rN+ Dex-5}
 24611 | Snake:3  | Found the +2 pair of slick slippers {slick, slippery, EV+4}
 24889 | Snake:3  | Found a snail-covered altar of Cheibriados.
 25098 | Snake:3  | Found an iron altar of Okawaru.
 25145 | Snake:4  | Entered Level 4 of the Snake Pit
 25159 | Snake:4  | Identified the blade talisman "Zuib" {SInv Stlth+}
 26528 | Snake:4  | Got a serpentine rune of Zot
 26872 | Lair:4   | Killed Zivvaly's ghost
 26873 | Lair:4   | Reached skill level 15 in Shields
 26881 | Lair:4   | Identified the staff of the Four Visionaries {rElec Stlth+
                  | Air}
 26985 | Swamp:1  | Entered Level 1 of the Swamp
 27053 | Swamp:1  | Noticed Mlioglotl
 27067 | Swamp:1  | Killed Mlioglotl
 27068 | Swamp:1  | Reached XP level 18. HP: 65/143 MP: 29/29
 27071 | Swamp:1  | Reached skill level 16 in Invocations
 27976 | Swamp:2  | Identified the +1 halberd "Caag" {elec, rElec rF- Int+4
                  | Dex+2}
 29134 | Swamp:4  | Entered Level 4 of the Swamp
 29587 | Swamp:4  | Found a blossoming altar of Fedhas.
 29717 | Swamp:4  | Found a basalt altar of Yredelemnul.
 29730 | Swamp:4  | Got a decaying rune of Zot
 30022 | Vaults:1 | Entered Level 1 of the Vaults
 30060 | Vaults:1 | Reached skill level 17 in Invocations
 30561 | Vaults:1 | Reached XP level 19. HP: 99/151 MP: 31/31
 30566 | Vaults:1 | Paralysed by a formless jellyfish for 1 turns
 30628 | Vaults:1 | Reached skill level 10 in Evocations
 31120 | Vaults:1 | Got the Compendium of Venom
 31141 | Vaults:1 | Identified the ring of Satisfaction {Ice rElec}
 31215 | Vaults:1 | Identified the +5 flail of the Silent Majority {flame,
                  | Str+6}
 31484 | Vaults:1 | Paralysed by an air elemental for 1 turns
 31489 | Vaults:1 | Paralysed by an air elemental for 1 turns
 31558 | Vaults:1 | Got Usoffore's Precepts of the Nimbus
 31899 | Vaults:1 | Identified the +1 helmet of Dudumimo {Dex+5}
 32433 | Vaults:2 | Reached skill level 18 in Invocations
 33149 | Vaults:2 | Gained mutation: Your presence sometimes corrodes or
                  | deforms those you injure. [demonic ancestry]
 33149 | Vaults:2 | Reached XP level 20. HP: 70/161 MP: 33/33
 33597 | Vaults:3 | Acquired 911 gold pieces
 33695 | Vaults:3 | Found Mepnedoi's Armour Shop.
 33834 | Vaults:3 | Found a magical portal.
 33855 | WizLab   | Entered The Roulette of Golubria
 33855 | WizLab   | Found a transporter.
 33858 | WizLab   | Found a corrupted altar of Lugonu.
 33862 | WizLab   | Reached skill level 15 in Fighting
 33904 | WizLab   | Found a transporter.
 33920 | WizLab   | Found a transporter.
 33925 | WizLab   | Found a corrupted altar of Lugonu.
 33938 | WizLab   | Found a transporter.
 33939 | WizLab   | Found a corrupted altar of Lugonu.
 33993 | WizLab   | Found a transporter.
 34022 | WizLab   | Found a transporter.
 34027 | WizLab   | Found a transporter.
 34159 | WizLab   | Found a transporter.
 34332 | WizLab   | Found a transporter.
 34332 | WizLab   | Found a transporter.
 34374 | WizLab   | Found a transporter.
 34376 | WizLab   | Found a transporter.
 34407 | WizLab   | Found a transporter.
 34462 | WizLab   | Identified the +0 cloak of Bellicose Lucidity {rElec rPois}
 34499 | WizLab   | Identified the +0 cloak of a wizard's laboratory {rElec
                  | rPois}
 34522 | WizLab   | Identified the +0 cloak of Emedam {rPois Str+2}
 34597 | WizLab   | Found a transporter.
 34598 | WizLab   | Found a transporter.
 34627 | WizLab   | Got Qafa's Parchment of the Jaunt
 34674 | WizLab   | Found a transporter.
 34686 | WizLab   | Found a transporter.
 34705 | WizLab   | Found a transporter.
 34705 | WizLab   | Found a transporter.
 35247 | Vaults:3 | Reached skill level 19 in Invocations
 35301 | Vaults:3 | Found a portal to a secret trove of treasure.
 35767 | Vaults:3 | Found a staircase to the Crypt.
 36018 | Vaults:3 | Reached XP level 21. HP: 170/170 MP: 34/34
 36764 | Vaults:4 | Identified the +2 robe of Context {Harm rPois Will+}
 36764 | Vaults:4 | Noticed Boris
 36776 | Vaults:4 | Killed Boris
 38033 | Elf:1    | Entered Level 1 of the Elven Halls
 38885 | Elf:2    | Paralysed by an air elemental for 1 turns
 38897 | Elf:2    | Paralysed by an air elemental for 1 turns
 38927 | Elf:2    | Reached skill level 20 in Invocations
 38950 | Elf:2    | Paralysed by an air elemental for 1 turns
 39008 | Elf:2    | Noticed Hajeh's ghost (adept FeEE)
 39049 | Elf:2    | Found a runed translucent door.
 39204 | Elf:2    | Found a runed translucent gate.
 39204 | Elf:2    | Found a runed translucent gate.
 39204 | Elf:2    | Found a runed translucent gate.
 39493 | Elf:2    | Noticed Jorgrun
 39508 | Elf:2    | Killed Jorgrun
 39941 | Elf:2    | Killed Hajeh's ghost
 39942 | Elf:2    | Reached XP level 22. HP: 179/182 MP: 36/36
 40011 | Elf:3    | Entered Level 3 of the Elven Halls
 40484 | Abyss:2  | Cast into level 2 of the Abyss (a ghostly deep elf
                  | demonologist)
 40567 | Abyss:3  | Found a corrupted altar of Lugonu.
 40624 | Abyss:3  | Noticed a juggernaut
 40677 | Abyss:3  | Killed a juggernaut
 40681 | Abyss:3  | Got an abyssal rune of Zot
 40828 | Elf:3    | Escaped the Abyss
 41008 | Elf:3    | Identified the amulet of the Magpie {Faith Rampage rElec
                  | rF- Str+2}
 41020 | Elf:3    | Identified the amulet "Ohuhakkar" {-Tele Rampage Will-
                  | RegenMP+ rCorr}
 41069 | Elf:3    | Reached skill level 21 in Invocations
 41069 | Elf:3    | Identified the +10 whip "Foxtadeed" {flame, rF- Will+
                  | Int+6}
 41070 | Elf:3    | Identified the +0 robe of Eposhrunur {*Corrode rElec rC+
                  | rN+}
 41072 | Elf:3    | Found the +3 salamander hide armour {Flames, rFlCloud rF++
                  | rC--}
 41086 | Elf:3    | Identified the +4 plate armour of Evolution {Str+4}
 41098 | Elf:3    | Identified the +4 dagger "Boikopn" {flame, Dex+4}
 41124 | Elf:3    | Identified the ring of the Median {Str+6 Dex+5}
 41151 | Elf:3    | Identified the amulet of Fayg {Acrobat +Blink Dex+2}
 41160 | Elf:3    | Identified the +10 falchion of World's End {drain, rC+}
 41173 | Elf:3    | Identified the amulet of Bugag {Spirit +Blink rElec rCorr
                  | SInv}
 41892 | Vaults:5 | Entered Level 5 of the Vaults
 41899 | Vaults:5 | Noticed a golden dragon
 41905 | Vaults:5 | Reached skill level 15 in Armour
 41933 | Vaults:5 | Noticed a golden dragon
 41945 | Vaults:5 | Killed a golden dragon
 41954 | Vaults:5 | Gained mutation: You have large cloven feet. [a shining
                  | eye]
 41970 | Vaults:5 | Killed a golden dragon
 42064 | Vaults:5 | Noticed a golden dragon
 42081 | Vaults:5 | Killed a golden dragon
 42139 | Vaults:5 | Identified the ring of Rubeysal {rPois rF+ Int+6 Slay-3
                  | SInv}
 42251 | Vaults:5 | Noticed an ancient lich
 42362 | Vaults:5 | Reached XP level 23. HP: 183/184 MP: 37/37
 42457 | Vaults:5 | Killed an ancient lich
 42551 | Vaults:5 | Noticed an ancient lich
 42551 | Vaults:5 | Identified the staff "Kovexit" {Stlth+ Conj Necro}
 42596 | Vaults:5 | Killed an ancient lich
 42797 | Vaults:5 | Reached skill level 22 in Invocations
 43148 | Vaults:5 | Identified the ring "Wys Zea" {rF+ Will+ Int+2 Slay+2}
 43213 | Vaults:5 | Got a silver rune of Zot
 43272 | Vaults:5 | Got Tymyuppy's Compilation of Amalgamated Firn
 43573 | Vaults:5 | Identified the +7 plate armour of Fystamav {Rampage Dex+2}
 43858 | Vaults:5 | Identified the +10 longbow "Kuajof" {elec, ^Contam rElec
                  | rC++ Will- rCorr}
 44174 | Depths:1 | Entered Level 1 of the Depths
 44175 | Depths:1 | Noticed Mara
 44176 | Depths:1 | Noticed Orlauf's illusion
 44205 | Depths:1 | Killed Mara
 44220 | Depths:1 | Found a shadowy altar of Dithmenos.
 44466 | Depths:1 | Found a one-way gate leading to the halls of Pandemonium.
 44519 | Depths:1 | Found Ligraypt's General Store.
 44519 | Depths:1 | Found Gonenurph's Magic Scroll Shop.
 44523 | Depths:1 | Found Rugure's Armour Boutique.
 44543 | Depths:1 | Noticed Saint Roka
 44556 | Depths:1 | Killed Saint Roka
 44569 | Depths:1 | Bought a potion of curing for 57 gold pieces
 44571 | Depths:1 | Bought a scroll of teleportation for 42 gold pieces
 44571 | Depths:1 | Bought a scroll of blinking for 105 gold pieces
 44571 | Depths:1 | Bought a scroll of teleportation for 42 gold pieces
 44571 | Depths:1 | Bought 2 scrolls of teleportation for 84 gold pieces
 44608 | Depths:1 | Found a gateway to Hell.
 44803 | Depths:1 | Identified the +10 short sword "Ycsaden" {flame, rElec rF+
                  | Int+3 Dex+3}
 45320 | Depths:2 | Found the +8 frozen axe "Frostbite" {freeze, freezing
                  | cloud, *Noise Fly rC+}
 45840 | Depths:2 | Found a transporter.
 45951 | Depths:2 | Found a transporter.
 46344 | Depths:3 | Identified the orb of Bossalon {*channel, *Slow rElec SInv}
 46344 | Depths:3 | Noticed Frederick
 46363 | Depths:3 | Killed Frederick
 46412 | Depths:3 | Reached XP level 24. HP: 204/204 MP: 38/38
 46500 | Depths:3 | Acquired 541 gold pieces
 46959 | Depths:3 | Noticed Norris
 46974 | Depths:3 | Killed Norris
 47438 | Depths:3 | Found a one-way gate to the infinite horrors of the Abyss.
 47613 | Depths:3 | Reached skill level 23 in Invocations
 47831 | Depths:3 | Noticed a juggernaut
 47845 | Depths:3 | Killed a juggernaut
 47941 | Depths:4 | Entered Level 4 of the Depths
 47941 | Depths:4 | Noticed Sojobo
 48031 | Depths:4 | Found an ancient bone altar of Kikubaaqudgha.
 48915 | Vaults:3 | You paid a toll of 16 potions of curing to enter a treasure
                  | trove
 48916 | Trove    | Entered a treasure trove
 49186 | Depths:4 | Found a one-way gateway to a ziggurat.
 49229 | Depths:4 | Paralysed by an air elemental for 1 turns
 49237 | Depths:4 | Paralysed by an air elemental for 1 turns
 49241 | Depths:4 | Paralysed by an air elemental for 1 turns
 49246 | Depths:4 | Killed from afar by a yellow draconian annihilator

Illustrated notes

Levels and vault maps discovered:
D:1:      eino_arrival_druids_welcome, layout_loops_ring, st_stairs_14,
          roderic_lattice_a, nrook_mini_vaults, hangedman_decor_opposing
D:2:      layout_rooms, uniq_crazy_yiuf_cottage, uniq_robin
D:3:      cheibrodos_greedy_goblins, layout_rooms, serial_forest,
          infiniplex_forest_end_3, infiniplex_forest_clump_double,
          infiniplex_forest_end_2, infiniplex_forest_pool,
          infiniplex_forest_clump_medium, infiniplex_forest_straight_3,
          infiniplex_forest_side_room, infiniplex_forest_join,
          infiniplex_forest_split, infiniplex_forest_straight_1, st_stairs_6,
          grunt_ministairs_2, minmay_strange_pillars, chequers_garden
D:4:      cheibrodos_helix_gallery, layout_loops_cross, uniq_natasha,
          uniq_duvessa
D:5:      layout_gridville, nicolae_shop_clearance, uniq_prince_ribbit1,
          uniq_menkaure
D:6:      layout_loops_ring, minmay_temple_entry_junction,
          kennysheep_generic_room_15
D:7:      layout_basic, enter_bailey_5, skrybe_limestone_x
D:8:      layout_cave_pods, serial_shops, shop_fountains
D:9:      layout_roguey, grunt_temple_overflow_diamond,
          nicolae_tso_swordbearing_angel, nzn_ghost_randoct
D:10:     layout_loops_corners, mainiacjoe_overflow_alcove_1,
          due_lair_maze_entry_diamond, serial_shops,
          nicolae_inconvenience_store,
          ploomutoo_gammafunk_ghost_potion_laboratory
D:11:     layout_grid_maze, minmay_orc_entry_temple_small, st_stairs_10
D:12:     layout_basic
D:13:     layout_roguey [special_room_orc], uniq_erolcha
D:14:     layout_long_grid, david_vaults_3, nemelex_diamond_rough_becter
D:15:     hellmonk_depths_entry_around_the_bend, layout_loops_ring,
          hangedman_decor_peaks_small
Temple:   sentei_temple_godly_chess
Lair:1:   layout_regular_city, minivault_27
Lair:2:   layout_chaotic_city, skrybe_swamp_entry_bodies,
          guppyfry_snake_entry_garden, gammafunk_ghost_arena
Lair:3:   gammafunk_boulding_lane, layout_cave_pods, infiniplex_staircase_pool_2
Lair:4:   layout_layer_cave, slime_entry_1, ebering_ghost_funeral_grove,
          pdpol_lair_neglected_garden, uniq_nessos
Lair:5:   evilmike_catoblepas_cave, layout_regular_city
Swamp:1:  layout_basic_swamp, evilmike_swamp_ruin_house_1,
          infiniplex_staircase_pool, uniq_mlioglotl
Swamp:2:  layout_falls_marsh, evilmike_swamp_ruin_rubble_2
Swamp:3:  layout_basic_swamp, nicolae_swamp_stuck_in_the_mud, swamp_pool_3,
          nicolae_swamp_feature_on_the_river_bank
Swamp:4:  byrel_swamp_growth_death_and_undeath, layout_basic_swamp, swamp_pool_5
Snake:1:  layout_layer_cave, uniq_kirke
Snake:2:  layout_layer_cave, minmay_shop_grove, uniq_aizul
Snake:3:  layout_misc_corridors, hangedman_feature_mirror,
          nicolae_snake_guarding_the_ruins
Snake:4:  minmay_snake_end_coiled, layout_layer_cave
Orc:1:    layout_caves, serial_shops, nicolae_shop_tiny_real_fake_doors
Orc:2:    kennysheep_orc_mage_school, layout_caves,
          portal_ice_cave_entry_pillars_2
Elf:1:    nicolae_elf_arrival_no_cutting_in_line, layout_geoelf_grid,
          special_room [special_room_orc], minmay_elf_crystal_hexagon
Elf:2:    nicolae_elf_blades_splatter_lattice
          [nicolae_blade_entry_sentries_behind_glass], layout_geoelf_grid,
          hellmonk_ghost_big_iron, uniq_jorgrun
Elf:3:    elf_hall, layout_loops_cross, hex_tiny
Vaults:1: hangedman_vaults_trim, grunt_vaults_trifunnel,
          nicolae_vaults_tetromino_L_1, st_smaller_cells,
          vaults_standard_mumra_lines, vaults_room_grunt_arrival_ludios,
          nicolae_vaults_angled_halls, nicolae_vaults_trapezoid_2,
          ontoclasm_vaults_decontamination, nicolae_vaults_tetromino_T_1,
          nicolae_vaults_trapezoid_2, nicolae_vaults_heist,
          layout_vaults_chaotic_city, serial_magic_research,
          hangedman_research_electronics, hangedman_research_toxicology
Vaults:2: nicolae_vaults_little_squares_4, nicolae_vaults_storage_closets_2,
          nicolae_vaults_trapezoid_2, hangedman_vaults_stagger,
          vaults_dpeg_doors, nicolae_vaults_closet_pinwheel_2,
          nicolae_vaults_stairing_the_circle, hangedman_vaults_capsules,
          nicolae_vaults_back_hallway, nicolae_vaults_heart-shaped_vault,
          nicolae_vaults_diamond_1, nicolae_vaults_little_guard_posts,
          layout_vaults_omnicross
Vaults:3: infiniplex_enter_wizlab_spiral, nicolae_vaults_tangram_1,
          vaults_room_hangedman_quadrants, nicolae_vaults_little_squares_1,
          v_pattern_2, vaults_dpeg_encased_lava, v_alt_pattern_2,
          minmay_crypt_entry_skeletal_spiral, nicolae_vaults_big_ls,
          nicolae_vaults_storage_closets_1, nicolae_vaults_bisected_slash,
          nicolae_vaults_closet_pinwheel_3, nicolae_vaults_lightning_bolt,
          nicolae_vaults_tangram_1, layout_vaults_maze_bifur, serial_shops,
          nicolae_shop_tiny_real_fake_doors, enter_trove_6
Vaults:4: nicolae_vaults_alarming, v_misc_1, v_pattern_5, ontoclasm_vaults_spin,
          vaults_room_stairs_pillars, nicolae_vaults_oval_intersection,
          lightli_orcish_oven, vaults_dpeg_hooks, vaults_room_semicircle,
          layout_vaults_omnigrid, uniq_boris
Vaults:5
Depths:1: layout_basic, hellmouth_3, pan_entry,
          nicolae_dithmenos_through_a_glass_darkly, minmay_shop_star,
          uniq_saint_roka, uniq_mara
Depths:2: minmay_coctagon, layout_cave_shapes, grunt_hell_entry_dis_grunt,
          rand_demon_pan_entry_3, elyvilon_altar_4, st_stairs_3
Depths:3: nzn_winding_woodlands_large [nzn_winding_woodlands_5x5_perimeter,
          nzn_winding_woodlands_5x15_eye,
          nzn_winding_woodlands_5x5_checkerboard,
          nzn_winding_woodlands_center_garden,
          nzn_winding_woodlands_15x15_boxy_spiral,
          nzn_winding_woodlands_center_lodge, nzn_winding_woodlands_5x5_cross,
          nzn_winding_woodlands_5x15_sawtooth,
          nzn_winding_woodlands_5x5_default], layout_basic,
          pf_hell_entry_tar_spiral, abyss_entry_small_statue_room,
          minmay_crystal_water, infiniplex_staircase_door_maze, uniq_frederick,
          uniq_norris
Depths:4: evilmike_zot_entry_gauntlet, layout_long_grid, enter_ziggurat_a,
          hell_entry, pan_entry, nicolae_kikubaaqudgha_miasma_corner,
          hangedman_abyss_entry_splay, uniq_vv, uniq_sojobo

Skill      XL: |  1  2  3  4  5  6  7  8  9 10 11 12 13 14 15 16 17 18 19 20 21 22 23 24 |
---------------+-------------------------------------------------------------------------+-----
Axes           | 3 |  3.1
Short Blades   | 1 2 3 4 5 7 9 11 12 13 14 | 14.0
Fighting       | 3 4 5 6 7 8 9 10 11 12 13 14 15 17 19 20 | 20.7
Stealth        | 1 2 3 5 6 8 9 |  9.0
Invocations    | 2 6 8 10 12 14 15 17 18 19 20 21 22 23 | 23.2
Armour         | 1 4 5 6 7 9 10 11 12 13 14 15 16 | 16.8
Shields        | 1 5 8 9 11 13 15 16 17 18 19 20 21 | 21.1
Evocations     | 6 8 9 11 12 13 14 | 14.8
Throwing       | |  1.7
Dodging        | |  2.6

Action                     |  1- 3 |  4- 6 |  7- 9 | 10-12 | 13-15 | 16-18 | 19-21 | 22-24 || total
---------------------------+-------+-------+-------+-------+-------+-------+-------+-------++-------
  Melee: War axe           |    14 |       |       |       |       |       |       |       ||    14
         Quick blade       |    55 |   172 |   419 |  1309 |  2273 |  3656 |  3955 |  4623 || 16462
         Touch             |    14 |    26 |    92 |   102 |       |       |       |       ||   234
         Unarmed           |    13 |       |       |       |       |       |       |       ||    13
  Throw: Throwing net      |       |     1 |     2 |     1 |       |       |       |       ||     4
         Dart              |       |       |       |     1 |     2 |     1 |       |       ||     4
 Invoke: Grand Finale      |       |       |       |       |     3 |     3 |     4 |     8 ||    18
         Line Pass         |       |       |       |       |       |     1 |       |     1 ||     2
  Evoke: Wand              |       |     2 |     5 |       |     1 |    30 |     9 |    40 ||    87
         Tin of tremorston |       |       |       |       |       |       |       |     1 ||     1
    Use: Scroll            |     2 |     4 |    10 |     9 |     3 |     3 |     2 |     7 ||    40
         Potion            |       |       |     2 |     4 |     9 |     1 |     2 |    11 ||    29
   Stab: Confused          |     1 |       |       |       |       |     1 |       |     1 ||     3
         Held in net/web   |       |       |     3 |       |       |       |       |       ||     3
         Sleeping          |       |       |       |    16 |    23 |    24 |    54 |     1 ||   118
         Paralysed         |       |       |       |    38 |    87 |   162 |   177 |   151 ||   615
         Distracted        |       |       |       |     3 |     1 |     8 |     4 |     5 ||    21
         Invisible         |       |       |       |     3 |       |       |       |       ||     3
 Armour: Leather armour    |     6 |       |       |       |       |       |       |       ||     6
         Chain mail        |    41 |    87 |   219 |    13 |       |       |       |       ||   360
         Skin              |     2 |       |       |       |       |       |       |       ||     2
         Swamp dragon scal |       |       |       |   432 |   553 |  1076 |   769 |   423 ||  3253
         Gold dragon scale |       |       |       |       |       |       |       |   565 ||   565
  Dodge: Dodged            |    16 |    32 |    91 |   260 |   211 |   270 |   261 |   232 ||  1373
  Block: Tower shield      |       |       |       |   342 |  1071 |  1813 |  1750 |  1849 ||  6825
         Reflection        |       |       |       |     2 |    22 |   129 |    83 |    28 ||   264

Table legend: (Time is in decaauts)
 A = Elapsed time spent in this place.
 B = Non-inter-level travel time spent in this place.
 C = Inter-level travel time spent in this place.
 D = Time resting spent in this place.
 E = Time spent auto-exploring this place.
 F = Levels seen in this place.
 G = Mean time per level.
                   A        B        C        D        E       F      G
               +--------+--------+--------+--------+--------+-----+--------+
         Total |  46722 |  42889 |   3833 |   2559 |  27265 |  49 |  953.5 |
       Dungeon |  12622 |  11055 |   1567 |    559 |   8292 |  15 |  841.5 |
        Temple |      4 |      1 |      3 |      0 |      0 |   1 |    4.0 |
          Lair |   6872 |   6366 |    506 |    658 |   4295 |   5 | 1374.4 |
         Swamp |   2885 |   2781 |    104 |     24 |   1569 |   4 |  721.2 |
     Snake Pit |   4760 |   4634 |    126 |    170 |   3050 |   4 | 1190.0 |
  Orcish Mines |   1596 |   1339 |    257 |      0 |    861 |   2 |  798.0 |
   Elven Halls |   2964 |   2827 |    137 |     24 |   1676 |   3 |  988.0 |
        Vaults |   8476 |   7637 |    839 |    780 |   4135 |   5 | 1695.2 |
        Depths |   4082 |   3793 |    289 |    125 |   2513 |   4 | 1020.5 |
         Abyss |    255 |    255 |      0 |     50 |      0 |   2 |  127.5 |
         Trove |     49 |     49 |      0 |      0 |      6 |   1 |   49.0 |
        Bailey |    342 |    342 |      0 |     42 |    124 |   1 |  342.0 |
      Ice Cave |    941 |    941 |      0 |      0 |    557 |   1 |  941.0 |
        Wizlab |    867 |    867 |      0 |    125 |    185 |   1 |  867.0 |
               +--------+--------+--------+--------+--------+-----+--------+

Top non-repeatable levels by time:
Vaults:1: 1928 daAuts
Depths:3: 1894 daAuts
  Lair:5: 1700 daAuts
  Lair:2: 1670 daAuts
Vaults:5: 1663 daAuts
Vaults:3: 1651 daAuts
Vaults:4: 1617 daAuts
Vaults:2: 1616 daAuts
 Snake:4: 1507 daAuts
    D:10: 1505 daAuts
  Lair:4: 1408 daAuts
 Snake:2: 1318 daAuts
    D:11: 1268 daAuts
 Snake:1: 1158 daAuts
   Orc:2: 1140 daAuts
